 Dungeon Crawl Stone Soup version 0.21.2-1-g0862bd23eb (webtiles) character file.

2440 MordorOrchid the Grappler (level 9, -4/79 HPs)
             Began as a Troll Necromancer on Nov 30, 2019.
             Killed from afar by Erica (27 damage)
             ... with a bolt of poison
             ... on level 8 of the Dungeon.
             The game lasted 00:14:24 (5248 turns).

MordorOrchid the Grappler (Troll Necromancer)       Turns: 5248, Time: 00:14:28

Health: -4/79      AC:  7    Str: 18    XL:     9   Next: 25%
Magic:  9/12       EV: 11    Int: 14    God:
Gold:   435        SH:  0    Dex: 10    Spells: 1/14 levels left

rFire    . . .     SeeInvis .     - Unarmed
rCold    + . .     Gourm    +   (no shield)
rNeg     + . .     Faith    .   v - +2 robe {rN+}
rPois    .         Spirit   .   (helmet restricted)
rElec    .         Reflect  .   (no cloak)
rCorr    .         Harm     .   (gloves unavailable)
MR       .....                  (boots unavailable)
Stlth    +.........             (no amulet)
HPRegen  0.63/turn              e - ring of protection from cold
MPRegen  0.13/turn              (no ring)

@: lethally poisoned (-4 -> -7), slowed, very slow
A: large, unfitting armour, claws 3, fast metabolism 3, gourmand, regeneration
1, shaggy fur 1, tough skin 2
a: no special abilities


You were on level 8 of the Dungeon.
You were completely stuffed.

You visited 2 branches of the dungeon, and saw 9 of its levels.

You collected 435 gold pieces.

Inventory:

Hand Weapons
 j - a +3 hunting sling
Missiles
 m - 43 sling bullets
 o - 191 stones (quivered)
 q - 15 curare-tipped needles
 y - 21 poisoned needles
 G - 3 exploding tomahawks
Armour
 a - a +1 robe
 v - a +2 robe of positive energy (worn)
Jewellery
 e - a ring of protection from cold (left claw)
Wands
 C - a wand of random effects (32)
 H - a wand of disintegration (7)
Scrolls
 g - 3 scrolls of enchant armour
 h - 4 scrolls of remove curse
 i - a scroll of blinking {unknown}
 l - 2 scrolls of amnesia
 r - a scroll of immolation {unknown}
 t - a scroll of noise {unknown}
 z - 2 scrolls of fog {unknown}
 A - a scroll of teleportation {unknown}
 D - a scroll of enchant weapon {unknown}
 E - a scroll of random uselessness {unknown}
Potions
 d - a potion of degeneration {unknown}
 f - a potion of resistance {unknown}
 k - 2 potions of ambrosia
 n - a potion of magic {unknown}
 p - a potion of curing
 s - a potion of lignification
 u - 3 potions of berserk rage
 w - a potion of mutation
 B - a potion of might
 F - 2 potions of experience {unknown}
Books
 b - a book of Necromancy

   Spells                             Type                      Level
   a - Pain                           Necromancy                   1
   b - Animate Skeleton               Necromancy                   1
   c - Vampiric Draining              Necromancy                   3
   d - Regeneration                   Charms/Necromancy            3
   e - Animate Dead                   Necromancy                   4
   f - Borgnjor's Vile Clutch         Necromancy/Earth             5
Comestibles
 c - 15 rations
 I - 3 chunks of flesh


   Skills:
 * Level 2.1 Fighting
 * Level 5.2 Dodging
 - Level 1.0 Stealth
 + Level 8.8 Unarmed Combat
 - Level 3.0 Spellcasting
 * Level 0.3 Charms
 - Level 4.0 Necromancy
 + Level 0.9 Evocations


You had one spell level left.
You knew the following spells:

 Your Spells              Type           Power        Failure   Level  Hunger
a - Pain                  Necr           ##..         4%          1    #......
k - Regeneration          Chrm/Necr      #.........   26%         3    ###....
u - Animate Skeleton      Necr           N/A          4%          1    #......
v - Vampiric Draining     Necr           ##........   12%         3    ###....
E - Borgnjor's Vile Clut  Necr/Erth      #.........   95%         5    ######.


Dungeon Overview and Level Annotations

Branches:
Dungeon (8/15)             Temple (1/1) D:7
   Lair: D:8-11

Altars:
Dithmenos
Hepliaklqana
Kikubaaqudgha
Makhleb
Nemelex Xobeh
Okawaru
Sif Muna
Trog
Vehumet
Wu Jian
Xom
Zin

Annotations:
D:8 Erica; Joseph; MordorOrchid's ghost, novice TrWz


Innate Abilities, Weirdness & Mutations

You are too large for most types of armour.
You have claws for hands.
Your metabolism is lightning-fast.
You like to eat raw meat.
Your natural rate of healing is unusually fast.
You are covered in fur. (AC +1)
You have very tough skin. (AC +2)


Message History

The mystic blast hits your necrophage skeleton.
Something hits you!
* * * LOW HITPOINT WARNING * * *
Something burns you.
* * * LOW HITPOINT WARNING * * *
You feel much better. Something hits you. Something burns you.
Evoke which item? (* to show all) (? for menu, Esc to quit)
Aiming: Disintegrate
Press: ? - help, Shift-Dir - straight line, f - you Nothing appears to happen.
Something hits you! Something burns you.
Evoke which item? (* to show all) (? for menu, Esc to quit)
Aiming: Disintegrate
Press: ? - help, Shift-Dir - straight line, f - you Nothing appears to happen.
Something hits you. Something burns you.
* * * LOW HITPOINT WARNING * * *
You hear some strange, mumbled words.
A bolt of poison appears from out of thin air!
The bolt of poison hits you!
You are poisoned.
You die...

.............%<.#
#..#
................##..#
...........#.......#
...........%Z>...###
.##.....##>####.##
..$....#........#
P......#........#
PP.........ZZ..##
./....##..{@...#
....#. #.....$.#
............(..#
.#.........# .
.$.........#
##.........#
#..........#
#..........#


You could see a friendly adder skeleton and a friendly necrophage skeleton.

Vanquished Creatures
  A wyvern (D:7)
  A water moccasin (D:7)
  3 ice beasts
  A sky beast (D:6)
  A black bear (D:7)
  A phantom (D:4)
  2 necrophages (D:8)
  3 ogres
  3 centaurs
  2 bullfrogs
  A crimson imp (D:7)
  A howler monkey (D:3)
  An orc priest (D:7)
  5 hounds
  Jessica (D:2)
  7 worker ants
  An iguana (D:7)
  2 orc wizards (D:5)
  Natasha (twice) (D:2)
  8 adders
  A gnoll (D:1)
  A shadow imp (D:4)
  7 worms
  3 dart slugs
  6 leopard geckos
  20 orcs
  A ball python (D:1)
  6 giant cockroaches
  5 goblins
  2 hobgoblins (D:1)
  5 jackals (D:2)
  3 kobolds
  6 quokkas
  6 bats
  3 frilled lizards
  A leopard gecko zombie (D:8)
  8 rats
131 creatures vanquished.

Vanquished Creatures (collateral kills)
  A necrophage (D:7)
  A water moccasin skeleton (D:7)
  3 orcs
  A bat (D:2)
  A hobgoblin (D:1)
  A frilled lizard (D:2)
  2 kobolds (D:2)
10 creatures vanquished.

Grand Total: 141 creatures vanquished

Notes
Turn   | Place    | Note
-------+----------+-------------------------------------------
     0 | D:1      | MordorOrchid the Troll Necromancer began the quest for the Orb.
     0 | D:1      | Reached XP level 1. HP: 16/16 MP: 1/1
     2 | D:1      | Learned a level 1 spell: Animate Skeleton
    37 | D:1      | Reached skill level 1 in Fighting
    37 | D:1      | Reached skill level 1 in Unarmed Combat
    37 | D:1      | Reached XP level 2. HP: 17/27 MP: 2/2
   561 | D:1      | Reached XP level 3. HP: 33/33 MP: 3/3
   832 | D:2      | Reached skill level 2 in Unarmed Combat
  1112 | D:2      | Reached XP level 4. HP: 38/42 MP: 4/4
  1447 | D:2      | Noticed Jessica
  1478 | D:2      | Killed Jessica
  1478 | D:2      | Reached skill level 3 in Unarmed Combat
  1623 | D:2      | Noticed Natasha
  1631 | D:2      | Killed Natasha
  1631 | D:2      | Reached XP level 5. HP: 43/49 MP: 5/5
  1784 | D:2      | Learned a level 3 spell: Vampiric Draining
  1800 | D:2      | Noticed Natasha
  1810 | D:2      | Killed Natasha
  1929 | D:3      | Reached skill level 4 in Unarmed Combat
  2014 | D:3      | Found an ornate altar of the Wu Jian Council.
  2246 | D:4      | Noticed a phantom
  2289 | D:4      | Killed a phantom
  2289 | D:4      | Reached XP level 6. HP: 43/57 MP: 7/7
  2294 | D:4      | Learned a level 3 spell: Regeneration
  2763 | D:5      | Entered Level 5 of the Dungeon
  2796 | D:5      | Reached XP level 7. HP: 63/65 MP: 6/9
  2798 | D:5      | Reached skill level 5 in Unarmed Combat
  3272 | D:5      | Found a sparkling altar of Nemelex Xobeh.
  3482 | D:5      | Found a bloodstained altar of Trog.
  3609 | D:6      | Found an ornate altar of the Wu Jian Council.
  3773 | D:6      | Reached skill level 6 in Unarmed Combat
  3861 | D:6      | Reached XP level 8. HP: 64/72 MP: 11/11
  4640 | D:7      | Reached skill level 7 in Unarmed Combat
  4744 | D:7      | Reached skill level 8 in Unarmed Combat
  4856 | D:7      | Found a staircase to the Ecumenical Temple.
  4863 | Temple   | Entered the Ecumenical Temple
  5026 | D:7      | Reached XP level 9. HP: 79/79 MP: 12/12
  5044 | D:7      | Reached skill level 5 in Dodging
  5149 | D:7      | Learned a level 5 spell: Borgnjor's Vile Clutch
  5160 | D:8      | Noticed MordorOrchid's ghost (novice TrWz)
  5162 | D:8      | Noticed Joseph
  5232 | D:8      | Noticed Erica
  5248 | D:8      | Killed from afar by Erica

Skill      XL: |  1  2  3  4  5  6  7  8  9 |
---------------+----------------------------+-----
Fighting       | 1 2 |  2.1
Unarmed Combat | 1 2 3 4 6 8 |  8.8
Dodging        | 2 3 4 5 |  5.2
Spellcasting   | 2 3 |  3.0
Necromancy     | 4 |  4.0
Stealth        | |  1.0
Charms         | |  0.3
Evocations     | |  0.9

Action                   |  1- 3 |  4- 6 |  7- 9 || total
-------------------------+-------+-------+-------++-------
Melee: Unarmed           |    83 |   170 |   230 ||   483
       Punch             |       |     3 |     8 ||    11
 Cast: Animate Skeleton  |     7 |    16 |    21 ||    44
       Pain              |       |     4 |     7 ||    11
       Vampiric Draining |       |       |     1 ||     1
Evoke: Wand              |       |       |    25 ||    25
  Use: Scroll            |       |     6 |     4 ||    10
       Potion            |       |       |     2 ||     2
 Stab: Sleeping          |     2 |     4 |       ||     6
       Confused          |       |       |     1 ||     1
  Eat: Chunk             |    14 |    18 |    23 ||    55
Armor: Robe              |    26 |    54 |    56 ||   136
Dodge: Dodged            |    40 |    68 |    89 ||   197
